Map: Ultralove

Players

wootwoot - Winner!

  • Race: Protoss Protoss
  • Spawn Location: 1:00

Nutdanai

  • Race: Terran Terran
  • League: Silver
  • Spawn Location: 7:00

VOD

Have the link to the VOD?

Description

Time

  • Played on: April 21, 2025, 8:41 a.m.
  • Length: 3:58
Show
View Real Time Build Order
Export as new Build Order

wootwoot Protoss - Winner!

Build Orders:  

Get SALT Encoding   

  12  0:00  Probe  
  13  0:12  Probe  
  14  0:20  Pylon  
  14  0:24  Probe  
  15  0:38  Gateway  
  15  0:40  Assimilator  
  15  0:48  Pylon  
  15  1:06  Gateway  
  15  1:11  Gateway  
  15  1:25  Cybernetics Core  
  15  1:32  Probe  
  16  1:44  Probe  
  17  1:50  Stalker x2  
  21  2:15  Stalker  
  21  2:16  Stalker  
  25  2:43  Stalker  
  25  2:47  Assimilator, Pylon, Probe  
  28  2:59  Probe  
  29  3:11  Probe  
  30  3:23  Probe  
  31  3:31  Stargate  
  31  3:35  Probe  
  32  3:45  Gateway  
  33  3:57  Pylon  
Show
View Real Time Build Order
Export as new Build Order

Nutdanai Terran 

Build Orders:  

Get SALT Encoding   

  12  0:01  SCV  
  13  0:22  Supply Depot  
  13  0:23  SCV  
  14  0:35  SCV  
  15  0:48  SCV, Barracks  
  16  0:55  Refinery  
  16  1:00  SCV  
  16  1:04  Refinery  
  17  1:12  SCV  
  18  1:24  SCV  
  19  1:36  SCV  
  19  1:37  Reaper  
  21  1:48  SCV  
  22  2:00  SCV  
  23  2:01  Command Center  
  23  2:08  Engineering Bay  
  23  2:20  Supply Depot  
  23  2:22  Barracks Tech Lab  
  22  2:33  Supply Depot  
  21  2:40  Planetary Fortress  
  19  3:10  Marauder  
  21  3:18  Refinery  
Tags
 
League
Silver
Matchup
PvT
Replay Pack
#1B2M-Replays
Spawn Locations
Cross Positions
Add a new tag
Caveats
  • Supply blocks, unpowered buildings, or Contaminate may cause inaccurate times.
  • Supply counts are checked every 10 seconds.